 Dungeon Crawl Stone Soup version 0.27-a0-1200-g94dc6ad4cf (webtiles) character file.

Game seed: 3360399852106800540

26 polve the Cutter (level 2, 0/24 HPs)
             Began as a Demonspawn Abyssal Knight on May 30, 2021.
             Was a Follower of Lugonu.
             Slain by Terence
             ... wielding a +0 trident
              (10 damage)
             ... on level 2 of the Dungeon.
             The game lasted 00:01:08 (1351 turns).

polve the Cutter (Demonspawn Abyssal Knight)        Turns: 1351, Time: 00:01:09

Health: 0/24       AC:  4    Str: 12    XL:     2   Next: 89%
Magic:  3/3        EV: 11    Int: 13    God:    Lugonu [*.....]
Gold:   57         SH:  0    Dex: 12    Spells: 1/1 levels left

rFire    . . .     SeeInvis .   a - +1 short sword
rCold    . . .     Faith    .   (no shield)
rNeg     . . .     Spirit   .   f - +1 leather armour {Will+}
rPois    .         Reflect  .   (no helmet)
rElec    .         Harm     .   (no cloak)
rCorr    .         Rampage  .   (no gloves)
Will     +....                  (no boots)
Stlth    +.........             (no amulet)
HPRegen  0.08/turn              (no ring)
MPRegen  0.08/turn              (no ring)

@: mighty, brilliant
A: powered by pain 1, MP-powered wands
a: Renounce Religion, Depart the Abyss


You were on level 2 of the Dungeon.
You worshipped Lugonu.
Lugonu was aware of your devotion.
You visited 1 branch of the dungeon, and saw 2 of its levels.
You visited the Abyss 1 time.

You collected 57 gold pieces.

Inventory:

Hand Weapons
 a - a +1 short sword (weapon)
Armour
 f - a +1 leather armour of willpower (worn)
Scrolls
 b - a scroll of vulnerability {unknown}
 d - a scroll of fear {unknown}
 e - 3 scrolls of amnesia {unknown}
 h - a scroll of identify {unknown}


   Skills:
 - Level 3.0 Fighting
 + Level 3.1 Short Blades
 - Level 1.7 Armour
 - Level 0.8 Dodging
 - Level 2.4 Invocations


You had one spell level left.
You didn't know any spells.
Your spell library was empty.

Dungeon Overview and Level Annotations

Branches:
Dungeon (2/15)

Altars:

Shops:
D:1 *

Annotations:
D:2 Jessica, Terence


Innate Abilities, Weirdness & Mutations

You sometimes gain a little power by taking damage.
You expend magic power (3 MP) to strengthen your wands.


Message History

You are too injured to fight recklessly!
You hit the rat.
You kill the rat!
Lugonu accepts your kill.
You see here a rat corpse.
HP restored.
You see here a rat corpse.
h - a scroll labelled XEUBBEGE VIQI You now have 57 gold pieces (gained 7).
Terence the Incautious comes into view.
He is wielding a +0 trident.
Terence shouts!
Terence moves out of view.
Terence is nearby!
Terence closely misses you.
Jessica the Apprentice Sorceress comes into view.
She is wielding a +2 dagger of speed.
Jessica shouts!
Found a scroll labelled QAYVILAQET.
You barely miss Terence. Terence barely misses you.
You hit Terence but do no damage. Terence barely misses you.
You barely miss Terence. Terence hits you with a +0 trident.
Jessica gestures wildly while chanting.
Jessica seems to speed up.
You hit Terence but do no damage. Terence hits you with a +0 trident.
You are too injured to fight recklessly!
You are too injured to fight recklessly!
You are too injured to fight recklessly!
You are too injured to fight recklessly!
You are too injured to fight recklessly!
You are too injured to fight recklessly!
You are too injured to fight recklessly!
It was a potion of might.
You feel very mighty all of a sudden. Terence hits you but does no damage.
Jessica gestures at you while chanting. Pain shoots through your body!
It was a potion of brilliance.
You feel clever all of a sudden.
Terence says, "You're history."
Terence hits you with a +0 trident!
You die...

######+##+### #+
..#.....[...# ..
#.#.........#
...#####.#......... ###
.................###....
....#....####...@.......
....#†.#........@@......
###....#..[...#.........
#.....<.......+.........
#.##[#.......##.........
# #.#.....#.##.........
.....##...##.........
##.#.#############....
#.#.# ...? #####


You could see Terence and Jessica (fast).

Vanquished Creatures
  A dart slug (D:1)
  2 ball pythons (D:1)
  An endoplasm (D:1)
  A giant cockroach (D:1)
  2 goblins (D:1)
  A hobgoblin (D:1)
  2 jackals (D:1)
  3 kobolds (D:1)
  5 bats
  A frilled lizard (D:1)
  3 rats
22 creatures vanquished.

Notes
Turn   | Place    | Note
-------+----------+-------------------------------------------
     0 | Abyss:1  | polve the Demonspawn Abyssal Knight began the quest for the
                  | Orb.
     0 | Abyss:1  | Reached XP level 1. HP: 18/18 MP: 2/2
    14 | Abyss:1  | Found a corrupted altar of Lugonu.
    61 | Abyss:1  | Noticed a ynoxinul
    77 | Abyss:1  | Noticed a neqoxec
    78 | Abyss:1  | Gained mutation: You expend magic power (3 MP) to
                  | strengthen your wands. [a neqoxec]
    79 | D:1      | Escaped the Abyss
   206 | D:1      | Reached * piety under Lugonu
   326 | D:1      | Gained mutation: You sometimes gain a little power by
                  | taking damage. [demonic ancestry]
   326 | D:1      | Reached XP level 2. HP: 23/24 MP: 3/3
   560 | D:1      | Found Ablizxog's Assorted Antiques.
  1092 | D:1      | Found a faded altar of an unknown god.
  1341 | D:2      | Noticed Terence
  1344 | D:2      | Noticed Jessica
  1351 | D:2      | Slain by Terence

Illustrated notes

Levels and vault maps discovered:
D:1:      erik_arrival_cave_to_civilisation [erik_arrival_cave_to_hall],
          layout_basic, shapermc_ecumenical_altar_flowoftime, serial_shops,
          nicolae_shop_statue_plus
D:2:      layout_basic, uniq_natasha, uniq_jessica, uniq_terence, uniq_sigmund

Skill      XL: |  1  2 |
---------------+-------+-----
Short Blades   | 2 3 |  3.1
Fighting       | |  3.0
Armour         | |  1.7
Dodging        | |  0.8
Invocations    | |  2.4

Action                   || total
-------------------------++-------
Melee: Short sword       ||    90
Invok: Depart the Abyss  ||     1
  Use: Potion            ||     2
 Stab: Sleeping          ||     1
Armor: Leather armour    ||    38
Dodge: Dodged            ||    55

Table legend: (Time is in decaauts)
 A = Elapsed time spent in this place.
 B = Non-inter-level travel time spent in this place.
 C = Inter-level travel time spent in this place.
 D = Time resting spent in this place.
 E = Time spent auto-exploring this place.
 F = Levels seen in this place.
 G = Mean time per level.
                   A        B        C        D        E       F      G
               +--------+--------+--------+--------+--------+-----+--------+
         Total |   1347 |   1299 |     48 |      0 |   1096 |   3 |  449.0 |
       Dungeon |   1268 |   1220 |     48 |      0 |   1036 |   2 |  634.0 |
         Abyss |     79 |     79 |      0 |      0 |     60 |   1 |   79.0 |
               +--------+--------+--------+--------+--------+-----+--------+

Top non-repeatable levels by time:
     D:1: 1187 daAuts
     D:2: 81 daAuts
 Abyss:1: 79 daAuts
